[Event "*** Titled Tuesday Blitz"]
[Site "Chess.com"]
[Date "2020.10.27"]
[Round "2"]
[White "sokidze"]
[Black "Sueetin"]
[Result "1-0"]
[WhiteElo "2629"]
[BlackElo "2333"]
[TimeControl "180+1"]
[EndTime "10:17:43 PDT"]
[Termination "sokidze won by resignation"]

1. e4 e6 2. d4 d5 3. Nd2 c5 4.
exd5 Qxd5 5. Ngf3 cxd4 6. Bc4 Qd7 7. O-O Nc6 8. Qe2 Nf6 9. Rd1 Bd6 10. Nb3 e5 11.
Nbxd4 O-O 12. Nb5 Ne8 13. Qd2 e4 14. Ne1 Bxh2+ 15. Kxh2 Qg4 16. Be2 Qh4+ 17. Kg1 Bg4 18. Qf4 h5 19. Bxg4 hxg4 20. Qg5 Qh7 21. Bd2 f5 22. g3 Rf6 23. Qh4 Qg6 24. Bf4 Rc8 25. c3 a6 26. Nd4 Kf7 27. Ng2 Nc7 28. Nxc6 Rxc6 29. Rd7+ Kg8 30. Rxc7 R6xc7 31. Bxc7 Rxc7 32. Qd8+ Kh7 33. Qxc7 Qh6 34. Qf4 Qe6 35. Ne3 g6 36. Kg2 1-0

[Event "*** Titled Tuesday Blitz"]
[Site "Chess.com"]
[Date "2020.10.27"]
[Round "2"]
[White "maxip32"]
[Black "AntonovaNadezhda"]
[Result "1-0"]
[WhiteElo "2416"]
[BlackElo "2113"]
[TimeControl "180+1"]
[EndTime "10:17:45 PDT"]
[Termination "maxip32 won by checkmate"]

1. e4 c5 2. Nf3 d6 3. d4 cxd4 4. Qxd4 Nf6 5. c4 Nc6 6. Qe3 Bg4 7. h3 Bxf3 8. Qxf3 g6 9. Nc3 Bg7 10. Be2 O-O 11. O-O Nd4 12. Qd3 Nd7 13. Bd1 Ne5 14. Qg3 Nxc4 15. b3 Ne5 16. f4 Nec6 17. Bb2 Rc8 18.
Kh1 a6 19. Bg4 e6 20. Rad1 Bf6 21. Qe3 Qc7 22. Rc1 Qa5 23. Rfd1 Bg7 24. Rd2 Rfe8 25. Rcd1 f5 26. Bf3 Nxf3 27. gxf3 Bf8 28. Na4 b5 29. Nb6 Rb8 30. Nd7 Rbd8 31. Nxf8 Rxf8 32. Rxd6 Rxd6 33. Rxd6 Qxa2 34. Qc3 Qb1+ 35. Kg2 Rf7 36.
Qh8# 1-0

[Event "*** Titled Tuesday Blitz"]
[Site "Chess.com"]
[Date "2020.10.27"]
[Round "2"]
[White "Rytenko_V"]
[Black "RobertoJBM"]
[Result "1-0"]
[WhiteElo "2539"]
[BlackElo "2790"]
[TimeControl "180+1"]
[EndTime "10:17:46 PDT"]
[Termination "Rytenko_V won on time"]

1. d4 d5 2. Nf3 Nf6 3. Bg5 e6 4. e3 Be7 5. c4 h6 6. Bh4 O-O 7. Nc3 b6 8. cxd5 Nxd5 9. Bxe7 Nxe7 10. Bd3 Bb7 11. O-O Nd7 12. Rc1 c5 13. Be4 Bxe4 14.
Nxe4 cxd4 15. Qxd4 Nf5 16. Qd2 Nf6 17. Qxd8 Rfxd8 18. Nxf6+ gxf6 19. Rc2 Rd7 20. g3 Rad8 21. Rfc1 Kf8 22.
Rc7 Ke7 23. a3 e5 24. R1c2 Nd6 25. Nh4 Ke6 26. g4 Rxc7 27. Rxc7 Rd7 28. Rc6 Kd5 29. Rc2 b5 30. b3 Rb7 31. f4 exf4 32. exf4 Ke4 33.
Rd2 Rb6 34. Ng2 f5 35. g5 hxg5 36. fxg5 f4 37. Kf2 f3 38. Ne1 Kf4 39. Rd4+ Ne4+ 40.
Kf1 Rc6 41. Rd7 1-0

[Event "*** Titled Tuesday Blitz"]
[Site "Chess.com"]
[Date "2020.10.27"]
[Round "2"]
[White "Aygehovit1992"]
[Black "natelleka"]
[Result "1-0"]
[WhiteElo "2655"]
[BlackElo "2190"]
[TimeControl "180+1"]
[EndTime "10:17:46 PDT"]
[Termination "Aygehovit1992 won on time"]

1. e4 e5 2. Nc3 Nf6 3. Bc4 Bb4 4.
Nf3 Nc6 5. Nd5 Bc5 6. d3 O-O 7. Bg5 Be7 8. Nxe7+ Qxe7 9. O-O d6 10.
a4 Be6 11. Nd2 Bxc4 12. Nxc4 Qe6 13. f4 exf4 14. Rxf4 d5 15. Bxf6 dxc4 16. Qg4 Qxg4 17. Rxg4 g6 18. dxc4 h5 19. Rg5 Rfe8 20. Re1 Re6 21.
e5 Nd4 22. c3 Nf5 23. Rf1 Ne3 24. Rf4 Ng4 25. Rgxg4 hxg4 26. Rxg4 Rae8 27. Rh4 Rxf6 28. exf6 Re2 29. b4 Rc2 30. Rh3 Ra2 31. a5 b6 32.
axb6 cxb6 33. Rd3 Kh7 34. Rd7 Rc2 35. Rxf7+ Kg8 36. Rxa7 Rxc3 37. Rc7 Kf8 38. h4 Rc2 39. c5 bxc5 40. bxc5 Ke8 41. c6 Kf8 42. Kh2 Ke8 43. f7+ Kf8 44. Kg3 Rc4 45. Kf3 Kg7 46. g3 Kf8 47. Ke3 Kg7 48. Kd3 Rc1 49. Kd4 Rd1+ 50.
Kc5 Rc1+ 51. Kd6 1-0

[Event "*** Titled Tuesday Blitz"]
[Site "Chess.com"]
[Date "2020.10.27"]
[Round "2"]
[White "Dream2World_Number1"]
[Black "PavelShkapenko"]
[Result "1-0"]
[WhiteElo "2074"]
[BlackElo "2627"]
[TimeControl "180+1"]
[EndTime "10:17:46 PDT"]
[Termination "Dream2World_Number1 won by resignation"]

1. e4 e5 2. Nf3 Nc6 3. Bb5 Bc5 4. O-O d6 5. c3 Bd7 6. d4 Bb6 7. h3 Nge7 8. Re1 O-O 9. Ba4 exd4 10. cxd4 d5 11. e5 Nf5 12. Bxc6 Bxc6 13. Nc3 Qd7 14. Bf4 Rae8 15. Qd3 Ne7 16. Bg3 Qf5 17. Rad1 Qxd3 18. Rxd3 Bd7 19. Bh4 c6 20. Bxe7 Rxe7 21. Na4 Bc7 22.
Nc5 Bc8 23. Nd2 f6 24. f4 fxe5 25. fxe5 Bb6 26. b4 Ref7 27. Rf3 Rxf3 28. Nxf3 h6 29. a4 Bd8 30. Rf1 Be7 31. g4 b6 32. Nd3 Ba6 33. Nfe1 Rxf1+ 34. Kxf1 Bxb4 35. Kf2 Bc3 36. Ke3 Kf7 37. Nf3 g5 38. h4 gxh4 39. Nxh4 c5 40. dxc5 Bxd3 41. Kxd3 Bxe5 42. cxb6 axb6 43.
Nf5 Bg7 44. Nxg7 Kxg7 45. Kd4 Kg6 46. Kxd5 Kg5 47. Kc6 Kxg4 48. Kxb6 h5 49. a5 h4 50.
a6 h3 51. a7 Kg3 52. a8=Q Kh2 53. Qa2+ Kh1 54. Qb1+ Kg2 55. Qc2+ Kg1 56. Qd1+ Kg2 57.
Qe2+ Kg1 58. Qg4+ Kh2 59. Kc5 1-0

[Event "*** Titled Tuesday Blitz"]
[Site "Chess.com"]
[Date "2020.10.27"]
[Round "2"]
[White "Mikasinski"]
[Black "LuisFSiles"]
[Result "1-0"]
[WhiteElo "2499"]
[BlackElo "2288"]
[TimeControl "180+1"]
[EndTime "10:17:47 PDT"]
[Termination "Mikasinski won on time"]

1. e4 e5 2. Nf3 Nc6 3. Nc3 g6 4. d4 exd4 5. Nxd4 Bg7 6. Be3 Nf6 7. Nxc6 bxc6 8. e5 Ng8 9. Bd4 Qe7 10. Bc4 d5 11. Bb3 Ba6 12. f4 Nh6 13. Na4 Nf5 14.
Bf2 Bxe5 15. fxe5 Qxe5+ 16. Kd2 Qf4+ 17. Kc3 Rb8 18. Re1+ Kd8 19. Bd4 Rb4 20. Kxb4 Nxd4 21. c4 dxc4 22. Kc3 Qd6 23. Qxd4 cxb3 24. Qxh8+ Kd7 25.
Rad1 Qxd1 26. Rxd1+ Ke6 27. Qd4 1-0

[Event "*** Titled Tuesday Blitz"]
[Site "Chess.com"]
[Date "2020.10.27"]
[Round "2"]
[White "Leonid_Starozhilov"]
[Black "LyonBeast"]
[Result "0-1"]
[WhiteElo "2636"]
[BlackElo "3050"]
[TimeControl "180+1"]
[EndTime "10:17:48 PDT"]
[Termination "LyonBeast won by resignation"]

1. e4 c5 2. Nf3 Nc6 3. Bb5 e6 4. O-O Nge7 5. Re1 a6 6. Bxc6 Nxc6 7. d4 cxd4 8. Nxd4 d6 9. c4 Be7 10. Nc3 O-O 11. Be3 Bd7 12. b3 Ne5 13. a4 Bc6 14. h3 Rc8 15. Qd2 Nd7 16. Nd5 exd5 17. exd5 Bxd5 18. cxd5 Bf6 19. Rab1 Re8 20. Ne2 Nc5 21. Rec1 Qd7 22. Bxc5 dxc5 23. Qd3 Red8 24. Rd1 Be5 25. Ng3 g6 26. Ne4 Kg7 27. Rbc1 Bd4 28. Nxc5 Bxc5 29. Rxc5 Qd6 30. Qd4+ Kg8 31. b4 b6 32. Rxc8 Rxc8 33. Re1 h5 34. g3 b5 35. axb5 axb5 36. Kg2 Kh7 37. Rd1 Rc4 38. Qa7 Kg7 39. Qe3 h4 40.
Rd4 hxg3 41. Rxc4 bxc4 42. Qd4+ Qf6 43. Qxf6+ Kxf6 44. b5 Ke7 45. b6 Kd7 46. b7 Kc7 0-1

[Event "*** Titled Tuesday Blitz"]
[Site "Chess.com"]
[Date "2020.10.27"]
[Round "2"]
[White "VladimirBugayev"]
[Black "Mr_Sinigami"]
[Result "0-1"]
[WhiteElo "2249"]
[BlackElo "2473"]
[TimeControl "180+1"]
[EndTime "10:17:48 PDT"]
[Termination "Mr_Sinigami won on time"]

1. e4 c5 2. a3 e6 3. b4 d5 4. exd5 exd5 5. bxc5 Bxc5 6. d4 Bd6 7. Bd3 Nf6 8. Ne2 O-O 9. Bf4 Bxf4 10. Nxf4 Re8+ 11. Ne2 Qd6 12. O-O Ng4 13. Ng3 Nc6 14. h3 Nxf2 15. Qf3 Nxh3+ 16. gxh3 Bxh3 17. Qxf7+ Kh8 18. Qf4 Qe7 19. Nd2 Bxf1 20. Ndxf1 Rf8 21. Qg4 Qf6 22. Rb1 Nxd4 23. Rxb7 Rab8 24. Rxb8 Rxb8 25. Nh5 Qe5 26. Nf4 Rf8 27. Ng6+ hxg6 28. Qxg6 Nf3+ 29. Kh1 Kg8 30. Qh7+ Kf7 31. Bg6+ Ke7 32. Qh3 Rf4 0-1

[Event "*** Titled Tuesday Blitz"]
[Site "Chess.com"]
[Date "2020.10.27"]
[Round "2"]
[White "xamax2000"]
[Black "paulrusan"]
[Result "1-0"]
[WhiteElo "2663"]
[BlackElo "2216"]
[TimeControl "180+1"]
[EndTime "10:17:49 PDT"]
[Termination "xamax2000 won on time"]

1. e4 g6 2. d4 Bg7 3. Nf3 d6 4. c3 Nf6 5. Bd3 O-O 6. O-O b6 7. h3 Bb7 8. Re1 Nbd7 9. Bg5 e5 10. Nbd2 h6 11. Bh4 Re8 12. a4 a6 13. b4 Qe7 14.
Bg3 Nh5 15. Bh2 Qf6 16. Qc2 Nf4 17. Bf1 g5 18. Re3 Nf8 19. Rae1 N8e6 20. Nb3 Rac8 21. Bc4 c5 22. bxc5 bxc5 23. d5 Nd4 24. cxd4 cxd4 25.
Bxf4 dxe3 26. Bxe3 Qd8 27. Nfd2 Kh8 28. Qd3 f5 29.
exf5 e4 30. Nxe4 Be5 31. Nbd2 Qa5 32. Rb1 Ba8 33. f6 Rb8 34. Rxb8 Rxb8 35. g3 Qd8 36.
Bd4 Bb7 37. Bxe5 dxe5 38. d6 Bxe4 39. Nxe4 Qb6 40. f7 Kg7 41. Kg2 Qd4 42. Qxd4 exd4 43. Nc5 d3 44. Kf3 d2 45. Ke2 1-0

[Event "*** Titled Tuesday Blitz"]
[Site "Chess.com"]
[Date "2020.10.27"]
[Round "2"]
[White "littleplotkin"]
[Black "brunomorado"]
[Result "1/2-1/2"]
[WhiteElo "2689"]
[BlackElo "2407"]
[TimeControl "180+1"]
[EndTime "10:17:49 PDT"]
[Termination "Game drawn - insufficient material"]

1. e4 c5 2. Nf3 Nc6 3. c3 d5 4.
exd5 Qxd5 5. d4 Bg4 6. Be2 e6 7. Na3 Nf6 8. Nb5 Rc8 9. Bf4 Qd7 10. dxc5 Bxc5 11. Nd6+ Bxd6 12. Qxd6 Qxd6 13. Bxd6 Rd8 14.
Rd1 Ne4 15. Ba3 Rxd1+ 16. Bxd1 Kd7 17. h3 Bh5 18. O-O Kc7 19. Nd4 Bxd1 20. Rxd1 Rd8 21. Nb5+ Kb6 22. Rxd8 Nxd8 23. Nd6 Nxd6 24. Bxd6 Kc6 25.
Bf8 g6 26. Kf1 Kd5 27. Ke2 h5 28. Kd3 b5 29. b3 Nc6 30. f4 Na5 31. Bb4 Nb7 32. c4+ bxc4+ 33. bxc4+ Kc6 34. Kd4 Nd6 35. g4 hxg4 36. hxg4 f6 37. Bxd6 Kxd6 38. g5 fxg5 39. fxg5 a5 40. c5+ Kc6 41. Ke5 Kxc5 42. Kxe6 Kb4 43. Kf6 Ka3 44. Kxg6 Kxa2 45. Kf5 a4 46. g6 a3 47. g7 Kb1 48. g8=Q a2 49. Qb3+ Ka1 50.
Qd1+ Kb2 51. Qd2+ Kb1 52. Qb4+ Ka1 53. Qd6 Kb2 54. Qb6+ Ka1 55. Qd4+ Kb1 56. Qb4+ Ka1 57. Qa3 Kb1 58. Qb3+ Ka1 59. Qd1+ Kb2 60. Qe2+ Kb1 61. Qf1+ Kb2 62. Qg2+ Kb1 63. Ke4 a1=Q 64. Kd3 Qa3+ 65. Kc4 Qa2+ 66. Qxa2+ Kxa2 1/2-1/2

[Event "*** Titled Tuesday Blitz"]
[Site "Chess.com"]
[Date "2020.10.27"]
[Round "2"]
[White "Flawless_Fighter"]
[Black "Zhigalko_Sergei"]
[Result "1-0"]
[WhiteElo "2606"]
[BlackElo "2897"]
[TimeControl "180+1"]
[EndTime "10:17:50 PDT"]
[Termination "Flawless_Fighter won by resignation"]

1. d4 Nf6 2. c4 e6 3. g3 c5 4. d5 exd5 5. cxd5 d6 6. Nc3 g6 7.
Bg2 Bg7 8. Nf3 O-O 9. O-O Re8 10. Re1 a6 11. a4 Nbd7 12. e4 Ng4 13. h3 Nge5 14.
Nxe5 Nxe5 15. f4 Nd7 16. Be3 Rb8 17. Qd3 Qa5 18. Kh2 Qb4 19. Re2 b5 20. axb5 axb5 21. Bf2 c4 22. Qd1 Nc5 23. Na2 Qa5 24. Bxc5 dxc5 25.
e5 Bf5 26. Nc3 Qd8 27. Ne4 Bxe4 28. Bxe4 f6 29. d6 fxe5 30. Bc6 Rf8 31. fxe5 Qg5 32. Qd5+ Kh8 33. e6 Rf5 34. Qg2 Be5 35. e7 h5 36. Ra8 Rxa8 37. Bxa8 h4 38. e8=Q+ Kg7 39. Qe7+ Qxe7 40. dxe7 hxg3+ 41. Kh1 1-0

[Event "*** Titled Tuesday Blitz"]
[Site "Chess.com"]
[Date "2020.10.27"]
[Round "2"]
[White "WuinaterJr"]
[Black "OK97"]
[Result "0-1"]
[WhiteElo "2517"]
[BlackElo "2783"]
[TimeControl "180+1"]
[EndTime "10:17:50 PDT"]
[Termination "OK97 won by resignation"]

1. d4 Nf6 2. c4 e6 3. Nf3 Bb4+ 4. Bd2 a5 5. g3 d5 6. Bg2 O-O 7. O-O dxc4 8. Qc2 b5 9. a4 c6 10. axb5 Bxd2 11. Nbxd2 cxb5 12. Ne5 Ra6 13. e3 Qb6 14. b3 cxb3 15. Nxb3 Nbd7 16. Nc6 Bb7 17. Nbxa5 Ba8 18. Rfb1 Nd5 19. Bxd5 exd5 20. Ne7+ Kh8 21. Nb3 g6 22. Rxa6 Qxa6 23. Qc7 Qe6 24. Nc8 Nf6 25. Nd6 Qh3 26.
Nd2 Kg8 27. Rxb5 Kg7 28. Rb8 Rxb8 29. Qxb8 Bc6 30. Qc7 Bd7 31. Qd8 Qe6 32. Qc7 h5 33. Nb7 h4 34. Nc5 Qg4 35. Qe5 Qd1+ 36. Nf1 Bh3 0-1

[Event "*** Titled Tuesday Blitz"]
[Site "Chess.com"]
[Date "2020.10.27"]
[Round "2"]
[White "WanderingPuppet"]
[Black "Rodalquilar"]
[Result "0-1"]
[WhiteElo "2501"]
[BlackElo "2752"]
[TimeControl "180+1"]
[EndTime "10:17:50 PDT"]
[Termination "Rodalquilar won by resignation"]

1. e4 d5 2. exd5 Qxd5 3. Nc3 Qa5 4. b4 Qxb4 5. Nf3 Nf6 6. Rb1 Qd6 7. d4 e6 8. Ne5 Be7 9. Bf4 Qd8 10. Bd3 O-O 11. O-O Nbd7 12. Qf3 Nxe5 13. dxe5 Nd5 14. Nxd5 exd5 15. Rfd1 c5 16. c4 d4 17. Be4 Qc7 18. e6 Bd6 19. Bxd6 Qxd6 20. exf7+ Rxf7 21. Bd5 Be6 22. Bxe6 Qxe6 23. Qd3 Raf8 24. Re1 Qg4 25. h3 Qg5 26.
Rb2 b6 27. Rbe2 Rf3 28. Qd2 Qxd2 29. Rxd2 Rc3 30. Re7 Rxc4 31. Rxa7 g6 32. Rb2 d3 33. Rxb6 d2 0-1

[Event "*** Titled Tuesday Blitz"]
[Site "Chess.com"]
[Date "2020.10.27"]
[Round "2"]
[White "totoro9"]
[Black "Gerodot71"]
[Result "0-1"]
[WhiteElo "2265"]
[BlackElo "2485"]
[TimeControl "180+1"]
[EndTime "10:17:50 PDT"]
[Termination "Gerodot71 won by resignation"]

1. e4 e5 2. Nf3 Nc6 3. Bc4 Nf6 4. d3 Bc5 5. O-O d6 6. c3 a6 7. a4 Ba7 8. Re1 h6 9. Nbd2 O-O 10. h3 Be6 11. Bxe6 fxe6 12. Nf1 Qe8 13. b4 Nh5 14. Be3 Nf4 15. Bxa7 Nxa7 16. Kh2 Qg6 17. g3 Nh5 18. N1d2 Rf7 19. b5 Raf8 20. bxa6 bxa6 21. Rb1 Nf6 22. Rb7 Nc6 23. Qe2 Qh5 24. Nh4 Ng4+ 25.
Qxg4 Rxf2+ 26. Kg1 Qxg4 27. hxg4 Rxd2 28. Rxc7 Nd8 29.
Rb1 Rxd3 30. Kg2 Rd2+ 31. Kg1 Rdf2 32. Ng6 Re8 33. Rd7 Nf7 34. Ne7+ Rxe7 35. Rbb7 Rxd7 36. Rxd7 Rc2 37. Re7 Rxc3 38. Rxe6 Rc4 39. Re7 Rxa4 40. Rd7 Rxe4 0-1

[Event "*** Titled Tuesday Blitz"]
[Site "Chess.com"]
[Date "2020.10.27"]
[Round "2"]
[White "politeplayer"]
[Black "dopolian"]
[Result "1-0"]
[WhiteElo "2200"]
[BlackElo "2424"]
[TimeControl "180+1"]
[EndTime "10:17:50 PDT"]
[Termination "politeplayer won by resignation"]

1. e4 Nc6 2. Nf3 d6 3. Nc3 Bg4 4. Bb5 a6 5. Bxc6+ bxc6 6. h3 Bxf3 7. Qxf3 e5 8. O-O g6 9. d4 exd4 10. e5 d5 11. Ne2 c5 12. Nf4 c6 13. e6 f5 14. e7 Bxe7 15. Ne6 Qd7 16. Re1 Nf6 17. Nxc5 Qd6 18. b4 Ne4 19. Bf4 Qf6 20.
Rad1 O-O 21. Nd7 Qg7 22. Be5 Bf6 23. Bxf6 Rxf6 24. Nxf6+ Qxf6 25. Qd3 a5 26. f3 Nc3 27. Qxd4 Qxd4+ 28. Rxd4 axb4 29. Rxb4 Rxa2 30. Re7 Nb5 31. c4 dxc4 32. Rxc4 Ra6 33. Rc1 h6 34. Rd1 Kf8 35. Rh7 Ra8 36. Rh8+ 1-0

[Event "*** Titled Tuesday Blitz"]
[Site "Chess.com"]
[Date "2020.10.27"]
[Round "2"]
[White "Chessalary"]
[Black "Sesleria"]
[Result "1-0"]
[WhiteElo "2391"]
[BlackElo "1896"]
[TimeControl "180+1"]
[EndTime "10:17:50 PDT"]
[Termination "Chessalary won by resignation"]

1. e4 e5 2. Nf3 Nc6 3. Bc4 Nf6 4. d3 Bc5 5. c3 Bb6 6. O-O d6 7. h3 h6 8. a4 a5 9. Bb3 g5 10. Nbd2 g4 11. hxg4 Bxg4 12. Nc4 Rg8 13. Bxh6 Bh3 14. Ng5 Bg4 15. Qd2 Bh5 16. Nxb6 cxb6 17. f4 Ng4 18.
Qe2 Qf6 19. Bxf7+ Bxf7 20. Qxg4 Qxh6 21. Nxf7 Rxg4 22. Nxh6 Rxf4 23. Rxf4 exf4 24. Rf1 Ne5 25. d4 Nd3 26. b3 O-O-O 27. Rf3 Nc1 28. c4 Ne2+ 29. Kf2 Nxd4 30. Rxf4 Nxb3 31. Nf7 Nc5 32. Nxd8 Kxd8 33. Ke3 Nxa4 34. g4 1-0

[Event "*** Titled Tuesday Blitz"]
[Site "Chess.com"]
[Date "2020.10.27"]
[Round "2"]
[White "PSvidler"]
[Black "AIROPITO7"]
[Result "1-0"]
[WhiteElo "2917"]
[BlackElo "2595"]
[TimeControl "180+1"]
[EndTime "10:17:51 PDT"]
[Termination "PSvidler won by checkmate"]

1. e4 e5 2. Nf3 Nc6 3. Bc4 Nf6 4. d3 Bc5 5. c3 d6 6. Nbd2 O-O 7. Bb3 a6 8. Nf1 Ne7 9. Ng3 Ng6 10. O-O Ba7 11. h3 d5 12. exd5 Nxd5 13. Re1 Ndf4 14. Bxf4 exf4 15. Ne4 Bf5 16. d4 Bxe4 17. Rxe4 Qd6 18.
Qe2 c5 19. Re1 cxd4 20. cxd4 Rad8 21. h4 Qf6 22. Qd2 Nxh4 23. Nxh4 Qxh4 24. Rxf4 Qg5 25. Qe3 h6 26. g3 Bb8 27. Re4 Qxe3 28. R1xe3 Ba7 29. Re7 Bxd4 30. Rf3 Bxb2 31. Bxf7+ Kh8 32. Rxb7 Bd4 33. Kg2 Rd6 34. Bg6 Rdd8 35. Rxf8+ Rxf8 36. f4 a5 37. a4 Bc3 38. Kf3 Bd4 39. Ke4 Bc3 40.
g4 Bd2 41. Bf7 g6 42. f5 gxf5+ 43. gxf5 Bc3 44. Kd5 Kg7 45. Ke6 Bd2 46. f6+ Kh8 47.
Kf5 Bc3 48. Kg6 Rc8 49. Be6 Rf8 50. Rh7# 1-0

[Event "*** Titled Tuesday Blitz"]
[Site "Chess.com"]
[Date "2020.10.27"]
[Round "2"]
[White "Matols"]
[Black "gui_borba"]
[Result "0-1"]
[WhiteElo "2239"]
[BlackElo "2462"]
[TimeControl "180+1"]
[EndTime "10:17:52 PDT"]
[Termination "gui_borba won by resignation"]

1. d4 Nf6 2. c4 e6 3. g3 Bb4+ 4. Bd2 Be7 5. Bg2 d5 6. Nf3 O-O 7. O-O c6 8. Qc2 Nbd7 9. Bf4 Ne4 10. Nc3 Nd6 11. c5 Nf5 12. e4 dxe4 13. Nxe4 Nf6 14.
Rad1 Nxe4 15. Qxe4 Bf6 16. Be5 Qd5 17. Rfe1 Qxe4 18. Rxe4 Rd8 19. g4 Ne7 20. Bd6 Nd5 21.
Ne5 Be7 22. Nc4 Bxd6 23. Nxd6 b6 24. a3 Ba6 25. b4 bxc5 26. dxc5 Rab8 27. Red4 Nc3 28.
R1d2 Ne2+ 29. Rxe2 Bxe2 30. Bxc6 Kf8 31. f3 Ke7 32.
Kf2 Ba6 33. Be4 Bc8 34. Ke3 e5 35. Rd2 g6 36. Rc2 Be6 37. Rd2 a5 38. b5 f5 39.
gxf5 gxf5 40. Bc6 Bd7 41. Bxd7 Rxd7 42. Nxf5+ Kd8 43. Nd6 Kc7 44. a4 Rg8 45. Ke4 Rf7 46. Kxe5 Rxf3 47. Ne4 Re8+ 48. Kd4 Rf4 49. Ke3 Rfxe4+ 0-1

[Event "*** Titled Tuesday Blitz"]
[Site "Chess.com"]
[Date "2020.10.27"]
[Round "2"]
[White "WhiteKnight2612"]
[Black "eljanov"]
[Result "0-1"]
[WhiteElo "2578"]
[BlackElo "2880"]
[TimeControl "180+1"]
[EndTime "10:17:53 PDT"]
[Termination "eljanov won by resignation"]

1. Nf3 d5 2. d4 Nf6 3. g3 Bf5 4. Bg2 e6 5. O-O Be7 6. c4 c6 7. Nc3 h6 8. Nd2 O-O 9. e4 dxe4 10. Ndxe4 Nxe4 11. Nxe4 Bxe4 12. Bxe4 Nd7 13. Be3 Bg5 14. Bc2 Bxe3 15. fxe3 Qg5 16. Qd3 g6 17. Rae1 Rad8 18. Qa3 a6 19. Rf3 c5 20. Ref1 f5 21. Qb3 b6 22. Qa4 a5 23. Qc6 Qe7 24. R1f2 Rf6 25. Qc7 Kf7 26. Qf4 g5 27. Qc7 Nf8 28. Qxb6 g4 29. Rf4 Ng6 30. Qxa5 Nxf4 31. Rxf4 cxd4 32. exd4 Qd6 33. c5 Qb8 34. Qc3 Kg7 35. b4 h5 36. a4 h4 37. b5 Rh8 38. d5 hxg3 39.
hxg3 Rh3 40. Kg2 Qh8 41. Rf2 Rh1 0-1

[Event "*** Titled Tuesday Blitz"]
[Site "Chess.com"]
[Date "2020.10.27"]
[Round "2"]
[White "ASVZ"]
[Black "PawnEatingZombie"]
[Result "1-0"]
[WhiteElo "2435"]
[BlackElo "2178"]
[TimeControl "180+1"]
[EndTime "10:17:54 PDT"]
[Termination "ASVZ won by resignation"]

1. e4 c6 2. d4 d5 3. e5 Bf5 4. Nf3 e6 5. Be2 Nd7 6. a3 Bg6 7. b4 a5 8. b5 c5 9. c4 dxc4 10.
d5 exd5 11. Qxd5 Nb6 12. Qxb7 Rc8 13. O-O Qc7 14. Qxc7 Rxc7 15. a4 Ne7 16. Bd2 Ra7 17. Nc3 Nf5 18. Be3 Be7 19. Rad1 O-O 20. g4 Nxe3 21. fxe3 Bc2 22. Ra1 Rd7 23. Rf2 Bb3 24. Kf1 Rfd8 25. Ke1 f6 26. e4 Rd3 27. Bxd3 cxd3 28. exf6 gxf6 29. g5 fxg5 30. Ne5 Bf8 31. Nc6 Rd7 32. Rxf8+ Kxf8 33. Nd5 Bxd5 34. exd5 Rxd5 35.
Kd2 Nc4+ 36. Kc3 Ne3 37. Nxa5 d2 38. Nc4 d1=Q 39. Rxd1 Nxd1+ 40. Kb3 Rd4 41. a5 Rd3+ 42. Kc2 Rd4 43. Kb3 Ne3 44. Nxe3 Rd3+ 45. Kc4 Rxe3 46. a6 Ra3 47. Kxc5 Ke8 48. Kb6 Kd8 49. Kb7 h5 50. b6 g4 51. a7 h4 52. a8=Q+ Rxa8 53. Kxa8 g3 54. hxg3 hxg3 55. b7 g2 56.
b8=Q+ 1-0

[Event "*** Titled Tuesday Blitz"]
[Site "Chess.com"]
[Date "2020.10.27"]
[Round "2"]
[White "Pultis"]
[Black "TokChess"]
[Result "1-0"]
[WhiteElo "2715"]
[BlackElo "2420"]
[TimeControl "180+1"]
[EndTime "10:17:55 PDT"]
[Termination "Pultis won by resignation"]

1. d4 Nf6 2. c4 g6 3. Nf3 Bg7 4. g3 O-O 5. Bg2 d5 6. cxd5 Nxd5 7. O-O Nc6 8. e4 Nb6 9. d5 Na5 10. Na3 c6 11. dxc6 Nxc6 12. h3 Be6 13. Qe2 Nd4 14. Nxd4 Qxd4 15. Rd1 Qb4 16. Nc2 Qc4 17. Qxc4 Nxc4 18.
Rb1 Rfd8 19. Re1 Ne5 20. Be3 Nd3 21. Red1 Bxa2 22. Ra1 Bb3 23. Rd2 Bxb2 24. Rad1 Rdc8 25. Rxd3 Bxc2 26. R3d2 Bxd1 27. Rxb2 b6 28. e5 Rab8 29.
Bg5 Kf8 30. Bh6+ Ke8 31. Bf1 Bf3 32. Ra2 a5 33. Ba6 Rc1+ 34. Bxc1 Rd8 35. Bb5+ Kf8 36.
Bh6+ Kg8 37. Rd2 Rc8 38. g4 Ra8 39. Kh2 a4 40. Bxa4 1-0

[Event "*** Titled Tuesday Blitz"]
[Site "Chess.com"]
[Date "2020.10.27"]
[Round "2"]
[White "chessasuke"]
[Black "crescentmoon2411"]
[Result "1/2-1/2"]
[WhiteElo "2573"]
[BlackElo "2839"]
[TimeControl "180+1"]
[EndTime "10:17:56 PDT"]
[Termination "Game drawn by repetition"]

1. c4 Nf6 2. Nf3 e6 3. g3 d5 4. Bg2 dxc4 5. Qa4+ Bd7 6. Qxc4 c5 7. Ne5 Qc8 8. O-O Nc6 9. Nxd7 Qxd7 10. b3 Rc8 11.
Bb2 Be7 12. Nc3 O-O 13. Rfd1 Rfd8 14. Ne4 Nd4 15. e3 b5 16. Qf1 Nc2 17. Rac1 Nb4 18. d4 cxd4 19. Rxc8 Rxc8 20. Bxd4 Nxe4 21. Bxe4 Nxa2 22.
Bxg7 Qxd1 23. Qxd1 Rc1 24. Qxc1 Nxc1 25. Bd4 a5 26.
Bc6 Nxb3 27. Bxb5 Nxd4 28. exd4 Bf6 29. Kf1 Bxd4 30. Ke2 Kf8 31. f3 h6 32. h4 Ke7 33. g4 Bf6 34. h5 Bg5 35. Kd3 Kd6 36. Kc4 Ke5 37. Be8 f5 38. gxf5 exf5 39. Bg6 Bd2 40.
Kb5 Kf6 41. Bh7 Kg5 42. Bg6 f4 43. Ka4 Kh4 44. Kb5 Bb4 45. Ka4 Kg3 46. Be4 Kh4 47.
Bg6 Kg3 48. Be4 Kh4 49. Bg6 1/2-1/2

[Event "*** Titled Tuesday Blitz"]
[Site "Chess.com"]
[Date "2020.10.27"]
[Round "2"]
[White "Funo09"]
[Black "Fh2411"]
[Result "1-0"]
[WhiteElo "2792"]
[BlackElo "2517"]
[TimeControl "180+1"]
[EndTime "10:17:56 PDT"]
[Termination "Funo09 won by resignation"]

1. e4 c5 2. Nc3 e6 3. Nf3 a6 4. d4 cxd4 5. Nxd4 Qc7 6. Bd3 b5 7. O-O Bb7 8. Qe2 d6 9. Bd2 Nd7 10. a4 b4 11. Na2 e5 12. Nb3 a5 13. c3 bxc3 14. Nxc3 Ngf6 15. Rac1 Nc5 16. Nb5 Qb6 17. Be3 Rc8 18. Bxc5 dxc5 19. Qe1 Ra8 20. Qc3 Nd7 21. Nd2 Bc6 22. Nc4 Qb8 23. Nxa5 Bb7 24. Bc4 Bxe4 25. Rfe1 Qb6 26. Rxe4 Qxa5 27. Rxe5+ Be7 28. Re3 O-O 29. Rxe7 Qxc3 30. Nxc3 Nb6 31. Bb5 h6 32. Rce1 Rad8 33. h3 Rd2 34. R1e2 Rd4 35. Re8 g5 36. a5 Nc8 37.
Rxf8+ Kxf8 38. Re8+ 1-0

[Event "*** Titled Tuesday Blitz"]
[Site "Chess.com"]
[Date "2020.10.27"]
[Round "2"]
[White "Gordima"]
[Black "Yashasd1995"]
[Result "1-0"]
[WhiteElo "2811"]
[BlackElo "2536"]
[TimeControl "180+1"]
[EndTime "10:17:57 PDT"]
[Termination "Gordima won by resignation"]

1. d4 Nf6 2. c4 e6 3. Nc3 c5 4. d5 exd5 5. cxd5 d6 6. e4 g6 7. f4 Bg7 8. Bb5+ Nfd7 9. Bd3 O-O 10. Nf3 Na6 11. O-O Nc7 12. a4 b6 13. f5 Ba6 14.
Bg5 f6 15. Bf4 Ne5 16. Bxe5 fxe5 17. g4 Bh6 18. Qe2 Bxd3 19. Qxd3 Bf4 20. Ne2 g5 21. Nxf4 gxf4 22. h4 Qd7 23. Kh2 b5 24. a5 c4 25. Qe2 Na6 26. g5 Nc5 27. Rg1 Rac8 28. Rg2 Nb3 29. Rag1 c3 30. bxc3 Rxc3 31. g6 h6 32. g7 Rf6 33. Rg6 Rxg6 34. Rxg6 Qc7 35. Rg2 Qd8 36. Ng5 hxg5 37. Qh5 Kxg7 38. Rxg5+ Qxg5 39. Qxg5+ Kf7 40. Qg6+ Kf8 41. Qxd6+ Kf7 42. Qe6+ Kf8 43.
f6 Rc2+ 44. Kh3 Rc3+ 45. Kg4 Rg3+ 46. Kh5 Nd4 47. Qe7+ Kg8 48. f7+ 1-0

[Event "*** Titled Tuesday Blitz"]
[Site "Chess.com"]
[Date "2020.10.27"]
[Round "2"]
[White "German_Bazeev"]
[Black "Ural_bogatyr"]
[Result "1-0"]
[WhiteElo "2775"]
[BlackElo "2358"]
[TimeControl "180+1"]
[EndTime "10:17:57 PDT"]
[Termination "German_Bazeev won by resignation"]

1. d4 Nf6 2. Nf3 d5 3. c4 c6 4. Qc2 e6 5. Bg5 h6 6. Bxf6 Qxf6 7. Nbd2 Nd7 8. e3 Bd6 9. Bd3 O-O 10. O-O e5 11. cxd5 cxd5 12. dxe5 Nxe5 13. Nxe5 Qxe5 14. Nf3 Qh5 15. Be2 Bf5 16. Qb3 Be4 17. Rfd1 Bxf3 18. Bxf3 Qxh2+ 19. Kf1 Rac8 20. Ke2 Qe5 21. Rxd5 Qf6 22.
Rad1 Be5 23. R5d2 Qa6+ 24. Ke1 Bc7 25. Bxb7 Qg6 26. Bxc8 Rxc8 27. Qd5 Qa6 28. a3 Ba5 29. b4 Bb6 30. Qd3 Qb7 31. Kf1 Qe7 32. Qf5 Rf8 33.
g3 Qb7 34. e4 Qa6+ 35. Kg2 Qxa3 36. b5 Qc3 37. Rd3 Qb2 38. Rf3 f6 39. Rd7 Re8 40.
Qg6 1-0